Map: Ghost River LE

Players

Mixu

  • Race: Zerg Zerg
  • League: Grandmaster
  • Spawn Location: 11:00

PtitDrogo - Winner!

  • Race: Protoss Protoss
  • Spawn Location: 1:00

Event: HomeStory Cup XXV

VOD

Have the link to the VOD?

Description

Time

  • Played on: June 22, 2024, 1:58 p.m.
  • Length: 6:46

All games in this series

Show
View Real Time Build Order
Export as new Build Order

Mixu Zerg 

Build Orders: Hatch First 

Get SALT Encoding   

  12  0:00  Drone  
  13  0:12  Overlord  
  13  0:16  Drone  
  14  0:30  Drone x2  
  16  0:47  Hatchery  
  15  0:51  Drone  
  15  0:54  Drone  
  17  0:57  Drone  
  18  1:08  Extractor  
  17  1:13  Spawning Pool  
  17  1:16  Drone  
  17  1:20  Drone  
  18  1:27  Drone  
  19  1:38  Drone  
  20  1:50  Overlord  
  20  1:59  Queen  
  20  2:00  Queen, Zergling x2  
  20  2:01  Drone  
  26  2:10  Zergling x2  
  26  2:11  Metabolic Boost  
  26  2:12  Drone  
  28  2:21  Drone x2  
  30  2:34  Hatchery  
  29  2:39  Drone  
  29  2:42  Drone  
  31  2:44  Overlord  
  31  2:50  Queen  
  33  2:52  Drone  
  33  2:55  Drone  
  33  2:58  Drone  
  36  3:04  Drone  
  36  3:05  Spore Crawler  
  36  3:08  Spore Crawler  
  36  3:10  Drone x3  
  36  3:11  Drone  
  36  3:12  Drone  
  42  3:15  Overlord  
  42  3:18  Drone  
  43  3:21  Drone  
  44  3:27  Roach Warren  
  44  3:28  Drone  
  44  3:33  Queen  
  46  3:36  Overlord  
  46  3:41  Zergling x4  
  48  3:45  Extractor  
  48  3:47  Overlord  
  47  3:52  Zergling x2  
  47  3:53  Zergling x8  
  52  3:57  Zergling x2  
  52  3:58  Zergling x4  
  52  4:00  Overlord  
  55  4:15  Roach x5  
  65  4:17  Zergling x2  
  65  4:18  Zergling x2  
  65  4:21  Zergling x2  
  65  4:23  Spore Crawler  
  66  4:25  Zergling x2  
  63  4:32  Zergling x8  
  63  4:33  Zergling x2  
  63  4:36  Zergling x2, Ravager x2  
  62  4:39  Zergling x2  
  62  4:43  Zergling x2  
  63  4:55  Zergling x8  
  63  4:57  Ravager  
  63  4:58  Zergling x2  
  69  5:03  Zergling x2  
  69  5:11  Ravager  
  69  5:13  Zergling x8  
  73  5:20  Zergling x4  
  72  5:23  Zergling x2  
  69  5:31  Zergling x6  
  69  5:34  Roach  
  71  5:40  Roach x2  
  69  5:47  Roach x2  
  71  5:58  Roach x2  
  74  6:09  Zergling x6  
  74  6:11  Zergling x4  
  68  6:18  Zergling x2  
  68  6:19  Zergling x2  
  68  6:22  Zergling x2  
  58  6:30  Drone x2  
  52  6:33  Drone  
Show
View Real Time Build Order
Export as new Build Order

PtitDrogo Protoss - Winner!

Build Orders: 1 Gate Expand, Oracle Opening 

Get SALT Encoding   

  12  0:00  Probe  
  13  0:12  Probe  
  14  0:19  Pylon  
  14  0:24  Probe  
  15  0:37  Probe (Chrono Boost)  
  15  0:41  Gateway  
  16  0:47  Probe (Chrono Boost)  
  17  0:50  Assimilator  
  17  0:52  Probe (Chrono Boost)  
  18  1:04  Probe  
  19  1:16  Probe  
  20  1:27  Nexus  
  20  1:37  Cybernetics Core  
  20  1:40  Probe  
  20  1:46  Assimilator  
  21  1:52  Probe  
  22  1:54  Pylon  
  22  2:04  Probe  
  23  2:11  Adept (Chrono Boost)  
  25  2:16  Probe  
  25  2:19  Stargate  
  26  2:28  Probe  
  27  2:30  Warp Gate  
  27  2:34  Adept  
  29  2:40  Probe (Chrono Boost)  
  31  2:46  Probe (Chrono Boost)  
  31  2:50  Probe (Chrono Boost)  
  32  2:54  Probe (Chrono Boost)  
  32  2:55  Probe (Chrono Boost)  
  34  3:05  Probe  
  35  3:06  Oracle (Chrono Boost)  
  35  3:08  Probe  
  35  3:11  Pylon  
  39  3:17  Probe  
  39  3:18  Gateway  
  40  3:20  Probe  
  41  3:29  Probe  
  41  3:32  Probe  
  41  3:33  Oracle (Chrono Boost)  
  47  3:41  Probe  
  47  3:44  Nexus  
  47  3:46  Probe  
  48  3:50  Pylon  
  48  3:53  Probe  
  49  3:58  Probe  
  50  4:03  Oracle  
  50  4:04  Pylon  
  50  4:05  Probe (Chrono Boost)  
  50  4:07  Assimilator  
  54  4:10  Probe (Chrono Boost)  
  54  4:11  Assimilator  
  56  4:17  Adept, Probe (Chrono Boost)  
  56  4:21  Zealot  
  56  4:23  Probe (Chrono Boost)  
  61  4:31  Probe  
  62  4:40  Probe  
  62  4:43  Void Ray (Chrono Boost)  
  62  4:44  Probe  
  68  4:48  Shield Battery  
  68  4:50  Shield Battery  
  68  4:52  Probe  
  69  4:56  Pylon x2  
  69  4:58  Robotics Facility  
  69  5:01  Shield Battery  
  69  5:02  Pylon  
  69  5:06  Pylon  
  69  5:08  Shield Battery  
  67  5:27  Adept  
  67  5:28  Adept  
  69  5:36  Probe  
  69  5:40  Void Ray  
  69  5:42  Probe  
  71  5:44  Gateway x2  
  71  5:47  Gateway  
  71  5:49  Immortal (Chrono Boost)  
  75  5:50  Adept x2  
  79  6:10  Zealot x2  
  62  6:28  Probe (Chrono Boost)  
  62  6:29  Probe (Chrono Boost)  
  62  6:32  Zealot x2  
Tags
 
Add a new tag
Caveats
  • Supply blocks, unpowered buildings, or Contaminate may cause inaccurate times.
  • Supply counts are checked every 10 seconds.